 Dungeon Crawl Stone Soup version 0.20-a0-277-g7db01f4 (webtiles) character file.

44 Junicave the Sneak (level 3, 0/14 HPs)
             Began as a Felid Enchanter on Dec 13, 2016.
             Killed from afar by mathias's ghost (9 damage)
             ... with a magic dart
             ... on level 3 of the Dungeon.
             The game lasted 00:12:04 (3336 turns).

Junicave the Sneak (Felid Enchanter)                Turns: 3336, Time: 00:12:04

Health: 0/14       AC:  1    Str:  4    XL:     3   Next: 41%
Magic:  5/7        EV: 19    Int: 16    God:
Gold:   146        SH:  0    Dex: 17    Spells: 2/6 levels left
                                        Lives:  0   Deaths: 1

rFire  + . .     SeeInvis +       - Unarmed
rCold  . . .     Gourm    .     (armour unavailable)
rNeg   . . .     Faith    .     (shield unavailable)
rPois  .         Spirit   .     (helmet unavailable)
rElec  .         Reflect  .     (cloak unavailable)
rCorr  .         Harm     .     (gloves unavailable)
MR     .....                    (boots unavailable)
Stlth  ++++......               (no amulet)
                                (no ring)
                                k - ring of protection from fire

@: quick
A: no armour, no weapons or thrown items, stealth, claws 1, fangs 3, see
invisible, carnivore 3, speed 1, shaggy fur 1, slow metabolism 1, sharp paws
a: no special abilities


You were on level 3 of the Dungeon.
You were not hungry.

You visited 1 branch of the dungeon, and saw 4 of its levels.

You collected 146 gold pieces.

Inventory:

Hand Weapons
 e - a +1 long sword of holy wrath
Jewellery
 k - a ring of protection from fire (left paw)
Wands
 f - a wand of acid (7/15)
Scrolls
 c - 7 scrolls of identify
 d - a scroll of immolation
 g - a scroll of blinking {unknown}
 h - a scroll of fear {unknown}
 j - a scroll of teleportation {unknown}
 n - a scroll of recharging {unknown}
Potions
 i - 2 potions of curing
 l - 2 potions of might {unknown}
 m - a potion of beneficial mutation {unknown}
 o - a potion of brilliance {unknown}
Books
 a - a book of Maledictions

   Spells                             Type                      Level
   a - Corona                         Hexes                        1
   b - Ensorcelled Hibernation        Hexes/Ice                    2
   c - Confuse                        Hexes                        3
   d - Tukima's Dance                 Hexes                        3
   e - Dazzling Spray                 Conjuration/Hexes            3
Comestibles
 b - 3 meat rations


   Skills:
 * Level 3.5 Dodging
 * Level 5.3 Stealth
 + Level 1.7 Unarmed Combat
 + Level 2.4 Spellcasting
 + Level 5.2 Hexes


You had 2 spell levels left.
You knew the following spells:

 Your Spells              Type           Power        Failure   Level  Hunger
a - Corona                Hex            ###....      2%          1    #......
b - Confuse               Hex            ###.....     10%         3    ###....


Dungeon Overview and Level Annotations

Branches:
Dungeon (4/15)
 Temple: D:4-7

Altars:
Gozag
Okawaru

Annotations:
D:3 mathias's ghost, amateur DrCj


Innate Abilities, Weirdness & Mutations

You cannot wear armour.
You are incapable of wielding weapons or throwing items.
Your paws allow you to move quietly. (Stealth)
You have sharp claws.
You have razor-sharp teeth.
You have supernaturally acute eyesight. (SInv)
You are carnivorous and can eat meat at any time.
You cover ground quickly.
You are covered in fur. (AC +1)
You have a slow metabolism.
Your sharp claws are effective at attacking unaware monsters.


Message History

You claw mathias's ghost!
Mathias's ghost is moderately damaged.
You scratch mathias's ghost.
Mathias's ghost is moderately damaged.
You scratch mathias's ghost but do no damage.
Mathias's ghost is moderately damaged.
You scratch mathias's ghost but do no damage.
Mathias's ghost is moderately damaged.
You scratch mathias's ghost but do no damage.
Mathias's ghost is moderately damaged.
You scratch mathias's ghost but do no damage.
Mathias's ghost is moderately damaged.
You scratch mathias's ghost but do no damage.
Mathias's ghost is moderately damaged.
Mathias's ghost seems less confused.
Mathias's ghost wails.
Mathias's ghost gestures at you while chanting.
The magic dart hits you!
Ouch! That really hurt!
You die...

......#..#..
......#.....
...K.....##.
#######......#...#.
##.....#.. #...#.
##.......## #....#
#.......>.# ###.....
#.........####...##.#
#...@....$##...####.#
#..W<.....##.### #.#
#.........#..# #.#
##.<........## #.#
#.........### #.#
#...........# #.#
#......)..#.### #
#.........#.>.# #
#.....<...###.# #


You could see mathias's ghost.

Vanquished Creatures
  2 adders (D:2)
  4 oozes (D:1)
  A dart slug (D:2)
  2 leopard geckos
  A ball python (D:3)
  2 giant cockroaches
  11 goblins
  4 hobgoblins
  4 jackals
  9 kobolds
  A quokka (D:3)
  6 bats
  4 frilled lizards
  6 rats
57 creatures vanquished.

Notes
Turn   | Place    | Note
-------+----------+-------------------------------------------
     0 | D:1      | Junicave the Felid Enchanter began the quest for the Orb.
     0 | D:1      | Reached XP level 1. HP: 7/7 MP: 4/4
   290 | D:1      | Reached XP level 2. HP: 7/11 MP: 4/6
  1106 | D:1      | Reached XP level 3. HP: 13/14 MP: 3/7
  1125 | D:1      | Reached skill level 5 in Hexes
  1199 | D:1      | Learned a level 3 spell: Confuse
  1624 | D:1      | Noticed an ogre
  1868 | D:2      | Reached skill level 5 in Stealth
  2288 | D:2      | Reached XP level 4. HP: 9/18 MP: 5/8
  2533 | D:2      | Found an opulent altar of Gozag.
  2704 | D:3      | Noticed mathias's ghost (amateur DrCj)
  2917 | D:4      | Noticed an ogre
  2968 | D:3      | Found an iron altar of Okawaru.
  3210 | D:3      | Slain by a gnoll
  3211 | D:3      | Reached XP level 3. HP: -1/14 MP: 1/7
  3336 | D:3      | Killed from afar by mathias's ghost

Vault maps used:
D:1:      erik_arrival_gehennom, columned_hall_lemuel
D:2:      grunt_gozag_breadcrumbs
D:3:      nicolae_overflow_crystal_walls, kennysheep_generic_room_16,
          uniq_grinder
D:4:      gammafunk_temple_overflow_statue, first_bread, uniq_duvessa

Skill      XL: |  1  2  3 |
---------------+----------+-----
Hexes          | 5 |  5.2
Dodging        | 3 |  3.5
Stealth        | 5 |  5.3
Unarmed Combat | |  1.7
Spellcasting   | |  2.4

Action                   |  1- 3 |  4- 6 || total
-------------------------+-------+-------++-------
Melee: Unarmed           |   128 |    51 ||   179
       Bite              |     6 |     5 ||    11
 Cast: Corona            |    28 |    14 ||    42
       Confuse           |     6 |     4 ||    10
  Use: Scroll            |       |     3 ||     3
 Stab: Sleeping          |     7 |     6 ||    13
       Confused          |     4 |       ||     4
  Eat: Chunk             |    11 |     2 ||    13
Armor: Skin              |    13 |       ||    13
Dodge: Dodged            |   130 |    45 ||   175
